 Dungeon Sprint DCSS version 0.32-a0-485-g70f7560b1c (webtiles) character file.

Game seed: 14174333232974319753

4224 rocky1 the Severer (level 10, -9/91 HPs)
             Began as a Mountain Dwarf Fighter on Feb 27, 2024.
             Was an Initiate of Gozag.
             Mangled by a bog body (19 damage)
             ... in the Dungeon (Sprint VII: "The Pits").
             The game lasted 00:04:45 (1278 turns).

rocky1 the Severer (Mountain Dwarf Fighter)         Turns: 1278, Time: 00:04:45

Health: -9/91      AC: 16    Str: 23    XL:     10   Next: 9%
Magic:  14/14      EV:  8    Int:  9    God:    Gozag
Gold:   2511       SH:  0    Dex:  9    Spells: 14/14 levels left

rFire   . . .        i - +2 battleaxe (freeze)
rCold   . . .        (shield currently unavailable)
rNeg    . . .        o - +2 plate armour
rPois   .            (no helmet)
rElec   .            (no cloak)
rCorr   .            (no gloves)
SInv    .            (no boots)
Will    +....        (no amulet) Stlth
                     (no ring)
HPRegen 0.35/turn    (no ring)
MPRegen 0.14/turn

%: no teleportation
@: spiked, gold aura
A: runic magic, artefact enchanting
a: Renounce Religion, Potion Petition, Call Merchant, Bribe Branch


You were in the Dungeon.
You worshipped Gozag.
Gozag was most pleased with you.
You visited 1 branch You collected 2511 gold pieces.

Inventory:

Hand Weapons
 a - a +0 war axe
 i - a +2 battleaxe of freezing (weapon)
 p - a +0 heavy hand axe
Armour
 b - a +0 scale mail
 c - a +0 buckler
 o - a +2 plate armour (worn)
Scrolls
 l - 2 scrolls of vulnerability
 m - 5 scrolls of amnesia
 n - a scroll of summoning
Potions
 d - a potion of might
 e - 5 potions of curing
 f - 2 potions of heal wounds
 g - a potion of haste
 h - 4 potions of magic
 k - a potion of invisibility


   Skills:
 - Level 9.5 Fighting
 + Level 20.2 Axes
 - Level 9.4 Armour
 - Level 6.0 Dodging
 - Level 9.4 Shields
 - Level 2.7 Spellcasting


You had 14 spell levels left.
You didn't know any spells.
Your spell library was empty.

Dungeon Overview and Level Annotations

Branches:
Dungeon (1/1)

Altars:
Ashenzari
Cheibriados
Dithmenos
Elyvilon
Fedhas
Gozag
Hepliaklqana
Kikubaaqudgha
Makhleb
Nemelex Xobeh
Okawaru
Qazlal
Ru
Sif Muna
Trog
Uskayaw
Vehumet
Wu Jian
Xom
Yredelemnul
Zin
The Shining One
Beogh
Jiyva
Lugonu


Innate Abilities, Weirdness & Mutations

Your spellcasting is much less encumbered by armour.
You can use scrolls of enchantment on lesser artefacts.


Message History

You hit the ice devil but do no damage. You closely miss the orc wizard.
The orc wizard hits you with a +0 dagger.
The ice devil hits you but does no damage.
You hit the bog body. You freeze the bog body.
The bog body is lightly damaged.
You barely miss the ice devil. You hit the orc wizard.
You freeze the orc wizard. The ice devil hits you. The ice devil freezes you!!
The orc wizard hits you but does no damage.
The bog body touches you but does no damage.
The red devil hits you from afar with a +4 trident.
Barbed spikes become lodged in your body.
You barely miss the ice devil. You hit the orc wizard.
You freeze the orc wizard. You closely miss the bog body.
You slash the ice devil!
The ice devil is moderately wounded.
You slash the bog body! You freeze the bog body. You hit the orc wizard.
You freeze the orc wizard.
You kill the orc wizard!
The red devil completely misses you. The bog body touches you!
The bog body freezes you!! The ice devil closely misses you.
You hit the ice devil.
The ice devil is moderately wounded.
You slash the bog body! You freeze the bog body.
You closely miss the orc warrior. The red devil barely misses you.
The bog body gestures at you while chanting.
You resist with some effort. The ice devil hits you.
* * * LOW HITPOINT WARNING * * *
The ice devil freezes you!!
* * * LOW HITPOINT WARNING * * *
The orc warrior hits you but does no damage.
You feel much better. The ice devil hits you. The ice devil freezes you!
* * * LOW HITPOINT WARNING * * *
The red devil hits you from afar with a +4 trident!
* * * LOW HITPOINT WARNING * * *
Barbed spikes become lodged in your body.
The bog body touches you.
* * * LOW HITPOINT WARNING * * *
The bog body freezes you!!
You die...
Your body crumbles into a pile of gold.

....#..#......#
..............+
..............+
....#..#......#
..............#
#'#####''######
.....##''################
.....##..#.....oo.......#
.....##..##...44@........
.<...##..####.sn#'######
.....##..#..#####.##...#
.....##..#....##...#...#
.....##..'.....#...#...#
#######..'.....'...'.).+
#..'.....#...#...#
#..#....##...#...#
#..#..#####[##...#


You could see an ice devil, a bog body, a red devil, an orc warrior, a redback
and an orc.

Vanquished Creatures
  A shadow wraith (D)
  A harpy (shapeshifter) (D)
  A manticore (D)
  A guardian serpent (D)
  A black mamba (D)
  A snapping turtle (D)
  2 glass eyes (D)
  A spriggan (shapeshifter) (D)
  A spriggan (D)
  2 wraiths (D)
  A fire bat (D)
  A warg (D)
  A water moccasin (D)
  An orc warrior (D)
  A wolf (D)
  A gnoll sergeant (D)
  5 wights (D)
  2 quasits (D)
  3 orc wizards (D)
  3 gnolls (D)
  A river rat (D)
  An adder skeleton (D)
  A dart slug (D)
  An orc (D)
  A ball python (D)
  A bat (D)
  A giant cockroach (D)
  A hobgoblin (D)
  2 kobolds (D)
  A quokka (D)
42 creatures vanquished.

Notes
Turn   | Place    | Note
-------+----------+-------------------------------------------
     0 | D        | rocky1 the Mountain Dwarf Fighter began the quest for the
                  | Orb.
     0 | D        | Reached XP level 1. HP: 19/19 MP: 1/1
    14 | D        | Reached skill level 5 in Axes
    14 | D        | Reached XP level 2. HP: 23/26 MP: 2/2
    18 | D        | Found a bloodstained altar of Trog.
    18 | D        | Found a shimmering blue altar of Sif Muna.
    18 | D        | Found a viscous altar of Jiyva.
    18 | D        | Found a hazy altar of Hepliaklqana.
    18 | D        | Found an opulent altar of Gozag.
    19 | D        | Found a glowing golden altar of the Shining One.
    19 | D        | Found a glowing silver altar of Zin.
    19 | D        | Found a basalt altar of Yredelemnul.
    19 | D        | Found a shimmering altar of Xom.
    19 | D        | Found an ornate altar of the Wu Jian Council.
    19 | D        | Found a sacrificial altar of Ru.
    19 | D        | Found a stormy altar of Qazlal.
    19 | D        | Found an iron altar of Okawaru.
    19 | D        | Found a sparkling altar of Nemelex Xobeh.
    19 | D        | Found a burning altar of Makhleb.
    19 | D        | Found a blossoming altar of Fedhas.
    19 | D        | Found a white marble altar of Elyvilon.
    19 | D        | Found a shadowy altar of Dithmenos.
    19 | D        | Found a snail-covered altar of Cheibriados.
    22 | D        | Found a corrupted altar of Lugonu.
    22 | D        | Found a radiant altar of Vehumet.
    22 | D        | Found a roughly hewn altar of Beogh.
    23 | D        | Found an ancient bone altar of Kikubaaqudgha.
    23 | D        | Found a hide-covered altar of Uskayaw.
    23 | D        | Found a broken altar of Ashenzari.
    26 | D        | Became a worshipper of Gozag Ym Sagoz the Greedy
    64 | D        | Reached skill level 6 in Axes
    72 | D        | Noticed a glass eye
    84 | D        | Killed a glass eye
    85 | D        | Reached skill level 13 in Axes
    85 | D        | Reached XP level 3. HP: 29/31 MP: 3/3
    85 | D        | Reached XP level 4. HP: 36/38 MP: 4/4
    85 | D        | Reached XP level 5. HP: 42/45 MP: 5/5
   101 | D        | Reached skill level 14 in Axes
   101 | D        | Noticed a glass eye
   105 | D        | Reached skill level 15 in Axes
   105 | D        | Reached XP level 6. HP: 45/51 MP: 6/6
   119 | D        | Killed a glass eye
   120 | D        | Reached skill level 1 in Dodging
   292 | D        | Reached XP level 7. HP: 54/60 MP: 10/10
   307 | D        | Reached skill level 5 in Fighting
   307 | D        | Reached skill level 5 in Armour
   307 | D        | Reached skill level 5 in Shields
   445 | D        | Noticed a four-headed hydra
   528 | D        | Noticed a guardian serpent
   528 | D        | Noticed a warg
   528 | D        | Noticed a snapping turtle
   535 | D        | Killed a warg
   540 | D        | Killed a guardian serpent
   541 | D        | Reached skill level 16 in Axes
   541 | D        | Reached XP level 8. HP: 71/71 MP: 12/12
   548 | D        | Killed a snapping turtle
   627 | D        | Killed a shadow wraith
   628 | D        | Reached skill level 17 in Axes
   628 | D        | Reached skill level 5 in Dodging
   628 | D        | Reached XP level 9. HP: 33/82 MP: 13/13
   937 | D        | Noticed a manticore
   937 | D        | Noticed a black mamba
   943 | D        | an ogre changed into a harpy
   943 | D        | Noticed a harpy (shapeshifter)
   944 | D        | Killed a black mamba
   945 | D        | Reached skill level 18 in Axes
   951 | D        | Killed a harpy
   952 | D        | Reached skill level 19 in Axes
   953 | D        | Killed a manticore
   954 | D        | Reached skill level 20 in Axes
   954 | D        | Reached XP level 10. HP: 21/91 MP: 14/14
  1271 | D        | Noticed a bog body
  1278 | D        | Mangled by a bog body

Illustrated notes

Levels and vault maps discovered:
D:        pitsprint [storerooms_1, entrance_room_1, metal_vault_1, armoury_1,
          mini_pit_1, grid_room_1, main_hall_1, silver_pit, the_coven_3,
          the_vestibule_1, steel_vault_4, golden_pit, hallway_of_sentries,
          crystal_vault_5, iron_vault_4, final_vault]

Skill      XL: |  1  2  3  4  5  6  7  8  9 |
---------------+----------------------------+-----
Axes           | 5 13 15 16 17 20 | 20.2
Fighting       | 4 6 8 9 |  9.5
Armour         | 4 6 8 9 |  9.4
Dodging        | 2 3 5 6 |  6.0
Shields        | 4 6 8 9 |  9.4
Spellcasting   | 2 |  2.7

Action                     |  1- 3 |  4- 6 |  7- 9 | 10-12 || total
---------------------------+-------+-------+-------+-------++-------
  Melee: War axe           |    18 |    19 |    69 |       ||   106
         Hand axe          |       |    11 |    19 |       ||    30
         Battleaxe         |       |       |    12 |     5 ||    17
    Use: Potion            |       |     1 |     7 |     1 ||     9
         Scroll            |       |       |     1 |       ||     1
   Stab: Distracted        |       |     1 |       |       ||     1
 Armour: Scale mail        |     9 |     3 |       |       ||    12
         Plate armour      |       |    20 |   118 |    12 ||   150
  Dodge: Dodged            |     5 |    11 |    36 |     3 ||    55
  Block: Buckler           |     2 |     7 |    13 |       ||    22

Table legend: (Time is in decaauts)
 A = Elapsed time spent in this place.
 B = Non-inter-level travel time spent in this place.
 C = Inter-level travel time spent in this place.
 D = Time resting spent in this place.
 E = Time spent auto-exploring this place.
 F = Levels seen in this place.
 G = Mean time per level.
                   A        B        C        D        E       F      G
               +--------+--------+--------+--------+--------+-----+--------+
         Total |   1329 |   1245 |     84 |    783 |      0 |   1 | 1329.0 |
       Dungeon |   1329 |   1245 |     84 |    783 |      0 |   1 | 1329.0 |
               +--------+--------+--------+--------+--------+-----+--------+

Top non-repeatable levels by time:
       D: 1329 daAuts
